 Dungeon Crawl Stone Soup version 0.22-a0-299-g43f9854 (webtiles) character file.

25 4thArraOfDagon the Chiller (level 2, -17/20 HPs)
             Began as a Draconian Ice Elementalist on Mar 25, 2018.
             Demolished by an orc warrior
             ... wielding a +0 hand axe
              (20 damage)
             ... on level 3 of the Dungeon.
             The game lasted 00:01:48 (288 turns).

4thArraOfDagon the Chiller (DrIE)                    Turns: 288, Time: 00:01:48

Health: -17/20     AC:  4    Str:  8 (10) XL:     2   Next: 82%
Magic:  3/5        EV: 12    Int: 13 (15) God:
Gold:   32         SH:  0    Dex: 10 (11) Spells: 4/5 levels left

rFire    . . .     SeeInvis .   (no weapon)
rCold    . . .     Gourm    .   (no shield)
rNeg     . . .     Faith    .   (armour unavailable)
rPois    .         Spirit   .   (helmet restricted)
rElec    .         Reflect  .   (no cloak)
rCorr    .         Harm     .   (no gloves)
MR       .....                  (no boots)
Stlth    ++........             a - amulet of inaccuracy
HPRegen  0.06/turn              (no ring)
MPRegen  0.09/turn              (no ring)

@: no status effects
A: unfitting armour, cold-blooded, AC +4
a: no special abilities


You were on level 3 of the Dungeon.
You were not hungry.

You visited 1 branch of the dungeon, and saw 3 of its levels.

You collected 32 gold pieces.

Inventory:

Jewellery
 a - an amulet of inaccuracy (around neck)
Scrolls
 g - 2 scrolls of fog
Comestibles
 b - 2 rations


   Skills:
 - Level 1.7 Dodging
 - Level 1.7 Stealth
 - Level 2.0 Spellcasting
   Level 1.0 Conjurations
 * Level 4.1 Ice Magic


You had 4 spell levels left.
You knew the following spells:

 Your Spells              Type           Power        Failure   Level  Hunger
a - Freeze                Ice            ##..         4%          1    ##.....


Dungeon Overview and Level Annotations

Branches:
Dungeon (3/15)

Altars:


Innate Abilities, Weirdness & Mutations

Your plain brown scales are hard. (AC +4)
You cannot fit into any form of body armour.
You are cold-blooded and may be slowed by cold attacks.


Message History

Unknown command.
As you read the scroll labeled MOUFRA LUMI, it crumbles to dust.
The creatures around you are filled with an inner flame!
It was a scroll of immolation.
The orc warrior hits you but does no damage.
As you read the scroll labeled MACSIS KOS HIG, it crumbles to dust.
You feel as if something is helping you.
It was a scroll of remove curse.
The orc shouts!
The orc throws a tomahawk.
The tomahawk hits you.
* * * LOW HITPOINT WARNING * * *
A giant cockroach comes into view.
Unknown command.
As you read the scroll labeled YROS NARILONT, it crumbles to dust.
It is a scroll of identify.
g - 2 scrolls of fog The orc wizard shouts!
The orc warrior hits you with a hand axe!!
Ouch! That really hurt!
You die...

.########
........#
........#
........#
........#
...o...@#
s..o..o.#
.....o...
........##
........#
........#
....$....
########.


You could see an orc warrior (inner flame), 2 orc wizards, an orc (inner flame)
and a giant cockroach.

Vanquished Creatures
  An adder (D:2)
  A worm (D:2)
  2 leopard geckos (D:2)
  2 ball pythons (D:2)
  2 hobgoblins
  2 quokkas (D:2)
  A frilled lizard (D:2)
11 creatures vanquished.

Notes
Turn   | Place    | Note
-------+----------+-------------------------------------------
     0 | D:1      | 4thArraOfDagon the Draconian Ice Elementalist began the quest for the Orb.
     0 | D:1      | Reached XP level 1. HP: 14/14 MP: 3/3
   166 | D:2      | Reached XP level 2. HP: 9/20 MP: 1/5
   168 | D:2      | HP: 1/20 [leopard gecko (5)]
   206 | D:2      | Reached skill level 4 in Ice Magic
   285 | D:3      | Noticed an orc warrior
   288 | D:3      | Demolished by an orc warrior

Vault maps used:
D:1:      grunt_arrival_lava_bath, minmay_misc_feat_encased
D:2:      uniq_jessica
D:3:      nicolae_overflow_crystal_walls, makhleb_grotto_becter, first_ration

Skill      XL: |  1  2 |
---------------+-------+-----
Ice Magic      | 4 |  4.1
Dodging        | |  1.7
Stealth        | |  1.7
Spellcasting   | |  2.0
Conjurations   | |  1.0

Action                   || total
-------------------------++-------
Melee: Unarmed           ||    17
 Cast: Freeze            ||    14
  Use: Potion            ||     4
       Scroll            ||     3
Armor: Skin              ||     4
Dodge: Dodged            ||    17

Table legend:
 A = Spawn XP
 B = Non-spawn XP
 C = Spawn XP percentage of total XP
 D = Spawn monster count
 E = Non-spawn monster count
 F = Spawn count percentage of total count
 G = Total turns spent on level
                    A         B        C        D         E        F      G
               +---------+---------+-------+---------+---------+-------+---------
         Total |       0 |      36 |   0.0 |       0 |      11 |   0.0 |   288
               +---------+---------+-------+---------+---------+-------+---------
           D:1 |       0 |       2 |   0.0 |       0 |       1 |   0.0 |   116
           D:2 |       0 |      34 |   0.0 |       0 |      10 |   0.0 |   169
               +---------+---------+-------+---------+---------+-------+---------
